 Dungeon Crawl Stone Soup version 0.30.0-20-g3615ddf2f0 (webtiles) character file.

Game seed: 1089286001361615795

113396 qw the Severer (level 16, -2/106 HPs)
             Began as a Gargoyle Fighter on May 31, 2023.
             Was a High Priest of Okawaru.
             Slain by an eleionoma (15 damage)
             ... on level 3 of the Swamp.
             The game lasted 00:14:50 (25730 turns).

qw the Severer (Gargoyle Fighter)                  Turns: 25730, Time: 00:14:51

Health: -2/106     AC: 41    Str: 27    XL:     16   Next: 63%
Magic:  23/23      EV: 10    Int: 10    God:    Okawaru [*****.]
Gold:   236        SH: 14    Dex:  9    Spells: 15/15 levels left

rFire   + + .        Y - +4 war axe (flame)
rCold   + . .        k - +0 kite shield {rPois}
rNeg    + + .        p - +0 plate armour
rPois   inf          b - +2 helmet
rElec   +            q - scarf {rC+ rF+}
rCorr   +            v - +2 pair of gloves
SInv    .            x - +2 pair of boots
Will    +....        C - amulet of faith Stlth
                     r - ring of resist corrosion
HPRegen 0.37/turn    w - ring of positive energy
MPRegen 0.18/turn

%: faith
@: heroic, marked, flying
A: sickness immunity, AC +12, big wings, negative energy resistance 1,
electricity resistance, torment resistance 1, petrification resistance, fire
resistance 1
a: Renounce Religion, Heroism, Finesse, Duel


You were on level 3 of the Swamp.
You worshipped Okawaru.
Okawaru was extremely pleased with you.
You visited 5 branches of the dungeon, and saw 26 of its levels.

You collected 2482 gold pieces.
You spent 2246 gold pieces at shops.


Innate Abilities, Weirdness & Mutations

You are immune to sickness and miasma.
Your stone body is resilient. (AC +12)
You are immune to poison.
Your large and strong wings let you fly.
You resist negative energy. (rN+)
You are resistant to electric shocks. (rElec)
You are resistant to unholy torment.
You are immune to petrification.
Your flesh is heat resistant. (rF+)


   Skills:
 - Level 14.0(19.0) Fighting
 - Level 16.0(21.0) Axes
 - Level 7.0(12.0) Throwing
 - Level 13.0(18.0) Armour
 - Level 3.1(8.1) Dodging
 + Level 13.7(18.7) Shields
 - Level 10.0 Invocations


You had 15 spell levels left.
You didn't know any spells.
Your spell library was empty.

Inventory:

Hand Weapons
 y - the +5 broad axe "Jeawug" {drain, Fragile rF+ Str+4 Dex+4}
   (You bought it in a shop on level 15 of the Dungeon)

   Str:       It affects your strength (+4).
   Dex:       It affects your dexterity (+4).
   rF:        It protects you from fire.
   Fragile:   It will be destroyed if unequipped.
 Y - a +4 war axe of flaming (weapon)
Missiles
 A - 7 boomerangs (quivered)
Armour
 b - a +2 helmet (worn)
 f - the +0 leather armour of Mumblety Peg {rF+ rCorr Int+3}
   (You found it on level 2 of the Dungeon)

   Int:       It affects your intelligence (+3).
   rF:        It protects you from fire.
   rCorr:     It protects you from acid and corrosion.
 j - a +2 chain mail of fire resistance
 k - a +0 kite shield of poison resistance (worn)
 p - a +0 plate armour (worn)
 q - a scarf of resistance (worn)
 v - a +2 pair of gloves (worn)
 x - a +2 pair of boots (worn)
 E - a +0 cloak
Jewellery
 h - the amulet "Qodol" {RegenMP +Blink rF++}
   (You found it on level 1 of the Lair of Beasts)

   [amulet of magic regeneration]

   It increases your rate of magic regeneration.
   rF:        It greatly protects you from fire.
   +Blink:    It lets you blink.
 i - an amulet of reflection
 r - a ring of resist corrosion (left hand)
 w - a ring of positive energy (right hand)
 C - an amulet of faith (around neck)
 D - a ring of fire
Scrolls
 a - 9 scrolls of identify
Potions
 c - 2 potions of resistance
 d - 7 potions of might
 e - 5 potions of cancellation
 g - 5 potions of attraction
 l - 6 potions of haste
 m - 6 potions of mutation
 o - 7 potions of lignification
 t - 5 potions of curing
 z - a potion of magic

Dungeon Overview and Level Annotations

Branches:
Dungeon (15/15)            Temple (1/1) D:4            Lair (5/5) D:9
  Swamp (2/4) Lair:2        Snake (0/4) Lair:2        Slime (0/5) Lair:4
    Orc (2/2) D:10            Elf (0/3) Orc:2        Vaults (0/5) D:14
 Depths (0/4) D:15

Altars:
Ashenzari
Cheibriados
Dithmenos
Elyvilon
Fedhas
Gozag
Hepliaklqana
Kikubaaqudgha
Makhleb
Nemelex Xobeh
Okawaru
Qazlal
Ru
Sif Muna
Trog
Uskayaw
Vehumet
Wu Jian
Xom
Yredelemnul
Zin
The Shining One
Jiyva

Shops:
D:1 (   D:3 !   D:4 *   D:6 !   D:15 (   Orc:2 =(*

Portals:
Trove: D:14 (give +3 fire dragon scales)


Message History

The swamp dragon claws you but does no damage.
The swamp dragon barely misses you.
The eleionoma hits you but does no damage.
You block the four-headed hydra's attack. x3
The four-headed hydra bites you.
You hit the eleionoma. You burn the eleionoma.
The eleionoma is severely wounded.
You hack one of the four-headed hydra's heads off!
The flame cauterises the wound!
You slash the three-headed hydra! You burn the three-headed hydra.
You slash the swamp dragon! You burn the swamp dragon.
You block the swamp dragon's attack. The swamp dragon barely misses you. x2
The eleionoma touches a tree and draws upon its vitality.
The eleionoma is healed.
You slash the swamp dragon! You burn the swamp dragon.
You kill the swamp dragon!
Okawaru accepts your kill.
You lop one of the three-headed hydra's heads off!
The flame cauterises the wound!
You slash the two-headed hydra! You burn the two-headed hydra.
You hit the eleionoma. You burn the eleionoma.
The two-headed hydra bites you but does no damage. x2
You slice one of the two-headed hydra's heads off!
The flame cauterises the wound!
You slice the one-headed hydra!! You burn the one-headed hydra!
The one-headed hydra is almost dead.
You closely miss the eleionoma.
The eleionoma splashes around in the water.
You block the one-headed hydra's attack.
You barely miss the one-headed hydra.
The one-headed hydra is almost dead.
You slash the eleionoma! You burn the eleionoma. The eleionoma hits you!
You block the one-headed hydra's attack.
You chop the one-headed hydra's last head off!
You kill the one-headed hydra!
Okawaru accepts your kill.
You slash the eleionoma! You burn the eleionoma.
An alligator comes into view.
The eleionoma hits you!
You die...

7.~7~ 7$..~. ~ 7777.~....
~~. ...~~~¤~¤ ~¤~.
...~~.~~~ ~~¤~7777.~~¤~t..
~~~~~~.~~~~~.7 7~.~%@%~~7
77.~%~R.77 7~?%...77
7.~~~¤. 7....77~~77
77.~~¤~ >~~ 7~~~7 7.~.7
7..~~. ~~~.~~~~~
7...777.~~.7 77.).7777
77....7..~~.7 7..~~.
7777..~¤77.~~~~7
7.~.~~~777.....7777.¤~~~77


You could see an eleionoma and an alligator.

Vanquished Creatures
  Jorgrun (D:13)
  Kirke (Swamp:2)
  A dire elephant (D:15)
  3 bunyips
  2 eleionomae (Swamp:1)
  An ice dragon (Lair:4)
  6 hydras
  4 catoblepae (Lair:5)
  6 vault guards (D:14)
  2 centaur warriors
  A death knight (D:14)
  2 two-headed ogres
  4 boulder beetles
  11 death yaks
  6 alligators
  7 orc high priests
  4 skeletal warriors (D:12)
  A skyshark (Lair:2)
  A goliath frog (Swamp:1)
  A swamp dragon (Swamp:3)
  A deep elf archer (D:14)
  3 bog bodies
  A lindwurm (Lair:1)
  2 wizards (D:14)
  Pikel (D:6)
  2 deep elf pyromancers
  A wolf spider (D:15)
  3 orc sorcerers
  12 ugly things
  A salamander (D:15)
  5 cyclopes
  5 manticores
  9 elephants
  4 will-o-the-wisps
  9 black mambas
  Maggie (D:9)
  4 gargoyles
  An eye of devastation (Lair:4)
  2 ice statues (D:14)
  14 cane toads
  A torpor snail (Lair:5)
  An unseen horror (D:11)
  Psyche (D:8)
  2 kobold demonologists (D:13)
  A yaktaur (D:14)
  3 rime drakes
  A freezing wraith (D:15)
  8 komodo dragons
  2 tengu conjurers (D:14)
  7 tyrant leeches
  5 trolls
  Grinder (D:6)
  14 blink frogs
  6 hornets
  A culicivora (shapeshifter) (D:15)
  5 slime creatures (D:12)
  2 vampires
  A centaur simulacrum (D:14)
  4 spriggans (Swamp:1)
  A spriggan (shapeshifter) (D:14)
  2 humans
  7 wraiths
  Eustachio (D:6)
  85 yaks
  4 wyverns
  2 hogs (Swamp:2)
  9 basilisks
  11 vampire mosquitoes
  2 steam dragons
  3 swamp worms
  10 wargs
  2 nagas (Lair:2)
  28 water moccasins
  Duvessa (D:6)
  A floating eye (Lair:4)
  2 swamp drakes
  2 ice beasts
  18 orc warriors
  2 sky beasts
  A black bear (D:6)
  4 ogres
  30 wolves
  2 lemures (D:6)
  9 centaurs
  Blork the orc (D:6)
  3 phantoms
  3 kobold brigands
  10 bullfrogs
  A gnoll sergeant (D:7)
  3 scorpions
  5 wights (D:8)
  Dowan (D:6)
  4 howler monkeys
  2 electric eels (Lair:2)
  3 vampire bats (D:12)
  45 orc priests
  5 hounds
  A jelly (D:5)
  5 iguanas
  13 orc wizards
  4 gnolls (D:7)
  8 adders
  A white imp (D:6)
  2 ufetubi
  A worm (D:2)
  3 dart slugs
  105 orcs
  4 bats
  A bat skeleton (D:12)
  4 bat zombies (D:12)
  11 endoplasms
  A giant cockroach (D:4)
  8 goblins
  8 hobgoblins
  7 jackals
  12 kobolds
  A quokka (D:4)
  4 ball pythons
  4 frilled lizards
  7 rats
  A spectral goblin (D:1)
753 creatures vanquished.

Vanquished Creatures (others)
  24 foxfires
24 creatures vanquished.

Grand Total: 777 creatures vanquished

Notes
Turn   | Place    | Note
-------+----------+-------------------------------------------
     0 | D:1      | qw the Gargoyle Fighter began the quest for the Orb.
     0 | D:1      | Reached XP level 1. HP: 14/14 MP: 1/1
     0 | D:1      | 0 ||| qw: Version: 0.2-a-102-gfc559e5
     0 | D:1      | 0 ||| qw: Game counter: 599
     0 | D:1      | 0 ||| qw: Always use a shield: true
     0 | D:1      | 0 ||| qw: God list: Okawaru
     0 | D:1      | 0 ||| qw: Allow faded altars: false
     0 | D:1      | 0 ||| qw: Do Orc after D:15 true
     0 | D:1      | 0 ||| qw: Do second Lair branch before Depths: true
     0 | D:1      | 0 ||| qw: Lair rune preference: random
     0 | D:1      | 0 ||| qw: Plans: Normal, Zot:1-4, Slime:5, God:TSO, Crypt,
                  | Tomb, Pan, Hells, Abyss, Win
     0 | D:1      | 0 ||| PLANNING D:1-11
    12 | D:1      | 12 ||| Stepping ~*~*~tactically~*~*~ (stealth).
    54 | D:1      | Reached skill level 2 in Axes
   186 | D:1      | Reached XP level 2. HP: 19/19 MP: 2/2
   255 | D:1      | Found Hyavug's Weapon Boutique.
   263 | D:1      | 263 ||| SHOPLISTING +0 broad axe (52 gold, have 12).
   468 | D:1      | Found a faded altar of an unknown god.
   977 | D:1      | 977 ||| UPGRADING to amulet of reflection.
   982 | D:1      | 982 ||| READING 2 scrolls labelled FUMYNGEHOE.
   983 | D:1      | 983 ||| READING scroll labelled WOKEOSY NUNUF.
   984 | D:1      | 984 ||| READING scroll labelled DUSEYP ITURGHUX.
  1085 | D:1      | 1085 ||| READING scroll labelled LUHIL NEITEUL.
  1086 | D:1      | 1086 ||| DRINKING 2 silvery potions.
  1087 | D:1      | 1087 ||| DROPPING potion of brilliance.
  1141 | D:2      | Identified the +0 leather armour of Mumblety Peg {rF+ rCorr
                  | Int+3}
  1152 | D:2      | Reached skill level 3 in Axes
  1157 | D:2      | 1157 ||| Stepping ~*~*~tactically~*~*~ (stealth).
  1160 | D:2      | 1160 ||| Stepping ~*~*~tactically~*~*~ (stealth).
  1164 | D:2      | Reached XP level 3. HP: 23/23 MP: 3/3
  1512 | D:2      | 1512 ||| Stepping ~*~*~tactically~*~*~ (stealth).
  1729 | D:2      | 1729 ||| DROPPING ring of flight.
  1730 | D:2      | 1730 ||| READING scroll labelled SUEFAY BYCINIDD.
  1731 | D:2      | 1731 ||| DROPPING +0 whip.
  1732 | D:2      | 1732 ||| READING scroll labelled ISOCSO MOLITS.
  1749 | D:2      | 1749 ||| DRINKING 3 blue potions.
  1843 | D:3      | 1843 ||| Stepping ~*~*~tactically~*~*~ (hiding).
  1852 | D:3      | Reached XP level 4. HP: 26/28 MP: 4/4
  1940 | D:3      | Reached skill level 4 in Axes
  2032 | D:3      | 2032 ||| DRINKING 2 potions of curing.
  2032 | D:3      | 2032 ||| (to cure confusion)
  2035 | D:3      | 2035 ||| FLEEEEING.
  2036 | D:3      | 2036 ||| FLEEEEING.
  2037 | D:3      | 2037 ||| FLEEEEING.
  2038 | D:3      | 2038 ||| FLEEEEING.
  2039 | D:3      | 2039 ||| FLEEEEING.
  2040 | D:3      | 2040 ||| FLEEEEING.
  2041 | D:3      | 2041 ||| FLEEEEING.
  2042 | D:3      | 2042 ||| DRINKING potion of curing.
  2042 | D:3      | 2042 ||| (to cure confusion)
  2239 | D:3      | Reached XP level 5. HP: 28/32 MP: 5/5
  2378 | D:3      | Found Daompor's Distillery.
  2384 | D:3      | 2384 ||| SHOPLISTING potion of haste (130 gold, have 116).
  2384 | D:3      | 2384 ||| BUYING potion of heal wounds (65 gold).
  2384 | D:3      | Bought a potion of heal wounds for 65 gold pieces
  2384 | D:3      | 2384 ||| BUYING potion of lignification (39 gold).
  2384 | D:3      | Bought a potion of lignification for 39 gold pieces
  2384 | D:3      | 2384 ||| SHOPLISTING potion of mutation (104 gold, have
                  | 12).
  2635 | D:3      | 2635 ||| UPGRADING to +2 chain mail of fire resistance.
  2645 | D:3      | 2645 ||| DROPPING +0 scale mail.
  2646 | D:3      | 2646 ||| READING scroll labelled LOUCSY NAUX.
  2647 | D:3      | 2647 ||| READING scroll labelled HEBA TUKOROO.
  2650 | D:3      | 2650 ||| READING scroll labelled FIKAXZ EMYIBEH.
  2651 | D:3      | 2651 ||| DRINKING 3 viscous orange potions.
  2651 | D:3      | Gained mutation: You are frail. (-10% HP) [potion of
                  | mutation]
  2652 | D:3      | 2652 ||| DRINKING 2 potions of mutation.
  2652 | D:3      | Lost mutation: You are frail. (-10% HP) [potion of
                  | mutation]
  2652 | D:3      | Gained mutation: Your flesh is heat resistant. (rF+)
                  | [potion of mutation]
  2665 | D:3      | 2665 ||| READING 3 scrolls of identify.
  2665 | D:3      | 2665 ||| IDENTIFYING dark potion
  2666 | D:3      | 2666 ||| READING 2 scrolls of identify.
  2666 | D:3      | 2666 ||| IDENTIFYING murky black potion
  2667 | D:3      | 2667 ||| DROPPING potion of flight.
  2723 | D:4      | 2723 ||| Stepping ~*~*~tactically~*~*~ (stealth).
  2749 | D:4      | Found a staircase to the Ecumenical Temple.
  2750 | D:4      | 2750 ||| PLANNING TEMPLE
  2783 | Temple   | Entered the Ecumenical Temple
  2784 | Temple   | 2784 ||| PLANNING OKAWARU WORSHIP
  2805 | Temple   | Became a worshipper of Warmaster Okawaru
  2805 | Temple   | 2805 ||| PLANNING D:1-11
  2825 | D:4      | 2825 ||| Stepping ~*~*~tactically~*~*~ (hiding).
  2829 | D:4      | 2829 ||| Stepping ~*~*~tactically~*~*~ (stealth).
  2830 | D:4      | 2830 ||| Stepping ~*~*~tactically~*~*~ (stealth).
  2869 | D:4      | Found a glowing golden altar of the Shining One.
  2911 | D:4      | Found Ecejaz's Assorted Antiques.
  2919 | D:4      | 2919 ||| SHOPLISTING knobbly peridot ring (130 gold, have
                  | 46).
  2919 | D:4      | 2919 ||| SHOPLISTING scroll of identify (52 gold, have 46).
  2919 | D:4      | 2919 ||| BUYING white potion (23 gold).
  2919 | D:4      | Bought a white potion for 23 gold pieces
  2958 | D:4      | Reached skill level 5 in Axes
  3107 | D:4      | 3107 ||| Stepping ~*~*~tactically~*~*~ (hiding).
  3117 | D:4      | HP: 6/33 [orc priest/divine providence (10)]
  3118 | D:4      | 3118 ||| DRINKING 3 potions of heal wounds.
  3123 | D:4      | Reached XP level 6. HP: 38/38 MP: 6/6
  3150 | D:4      | 3150 ||| Stepping ~*~*~tactically~*~*~ (hiding).
  3507 | D:4      | Found a sparkling altar of Nemelex Xobeh.
  3695 | D:4      | 3695 ||| UPGRADING to +2 helmet.
  3700 | D:4      | 3700 ||| DRINKING 2 emerald potions.
  3707 | D:4      | 3707 ||| READING 2 scrolls of identify.
  3707 | D:4      | 3707 ||| IDENTIFYING white potion
  3708 | D:4      | 3708 ||| DROPPING potion of degeneration.
  3709 | D:4      | 3709 ||| DROPPING potion of ambrosia.
  3753 | D:5      | Entered Level 5 of the Dungeon
  3836 | D:5      | Reached * piety under Okawaru
  3847 | D:5      | Reached skill level 6 in Axes
  3847 | D:5      | Reached skill level 1 in Invocations
  3883 | D:5      | Reached XP level 7. HP: 43/43 MP: 8/8
  4011 | D:5      | Reached skill level 1 in Dodging
  4181 | D:5      | 4181 ||| INVOKING Heroism.
  4185 | D:5      | Reached skill level 3 in Invocations
  4332 | D:5      | Reached ** piety under Okawaru
  4425 | D:5      | 4425 ||| READING scroll labelled MOXKOS PUPRO.
  4426 | D:5      | 4426 ||| READING scroll labelled JOTRAG TEFA.
  4427 | D:5      | 4427 ||| READING 2 scrolls of identify.
  4427 | D:5      | 4427 ||| IDENTIFYING purple potion
  4491 | D:6      | Reached skill level 7 in Axes
  4491 | D:6      | Reached XP level 8. HP: 48/48 MP: 11/11
  4513 | D:6      | Noticed Pikel
  4513 | D:6      | 4513 ||| INVOKING Heroism.
  4527 | D:6      | Killed Pikel
  4577 | D:6      | Found Gydgh's Distillery.
  4581 | D:6      | 4581 ||| BUYING potion of attraction (30 gold).
  4581 | D:6      | Bought a potion of attraction for 30 gold pieces
  4581 | D:6      | 4581 ||| BUYING potion of cancellation (80 gold).
  4581 | D:6      | Bought a potion of cancellation for 80 gold pieces
  4581 | D:6      | 4581 ||| BUYING potion of curing (30 gold).
  4581 | D:6      | Bought a potion of curing for 30 gold pieces
  4581 | D:6      | 4581 ||| BUYING potion of haste (100 gold).
  4581 | D:6      | Bought a potion of haste for 100 gold pieces
  4581 | D:6      | 4581 ||| SHOPLISTING potion of might (40 gold, have 16).
  4581 | D:6      | 4581 ||| SHOPLISTING potion of resistance (100 gold, have
                  | 16).
  4626 | D:6      | Noticed Grinder
  4631 | D:6      | 4631 ||| Stepping ~*~*~tactically~*~*~ (hiding).
  4636 | D:6      | 4636 ||| INVOKING Heroism.
  4642 | D:6      | 4642 ||| Stepping ~*~*~tactically~*~*~ (hiding).
  4652 | D:6      | 4652 ||| INVOKING Heroism.
  4653 | D:6      | Killed Grinder
  4746 | D:6      | Noticed Duvessa
  4746 | D:6      | Noticed Dowan
  4747 | D:6      | 4747 ||| INVOKING Heroism.
  4754 | D:6      | Killed Dowan
  4759 | D:6      | Killed Duvessa
  4760 | D:6      | Reached skill level 8 in Axes
  4760 | D:6      | Reached XP level 9. HP: 43/57 MP: 10/12
  4871 | D:6      | 4871 ||| INVOKING Heroism.
  4879 | D:6      | 4879 ||| Stepping ~*~*~tactically~*~*~ (hiding).
  4879 | D:6      | Noticed Eustachio
  4880 | D:6      | Noticed Blork the orc
  4894 | D:6      | Killed Blork the orc
  4902 | D:6      | 4902 ||| INVOKING Heroism.
  4933 | D:6      | 4933 ||| INVOKING Heroism.
  4945 | D:6      | Killed Eustachio
  4946 | D:6      | Reached skill level 9 in Axes
  5355 | D:6      | 5355 ||| READING scroll labelled DUBA QAOGAOBA.
  5386 | D:7      | 5386 ||| STAIRDANCE
  5393 | D:6      | 5393 ||| INVOKING Heroism.
  5477 | D:7      | 5477 ||| STAIRDANCE
  5583 | D:7      | 5583 ||| Stepping ~*~*~tactically~*~*~ (stealth).
  5589 | D:7      | 5589 ||| INVOKING Heroism.
  5595 | D:7      | 5595 ||| Stepping ~*~*~tactically~*~*~ (hiding).
  5624 | D:7      | 5624 ||| DRINKING potion of curing.
  5624 | D:7      | 5624 ||| (to cure confusion)
  5636 | D:7      | Reached skill level 1 in Throwing
  5671 | D:7      | 5671 ||| READING scroll of enchant weapon.
  5671 | D:7      | 5671 ||| ENCHANTING +1 war axe of flaming.
  5812 | D:7      | 5812 ||| Stepping ~*~*~tactically~*~*~ (stealth).
  5813 | D:7      | 5813 ||| Stepping ~*~*~tactically~*~*~ (stealth).
  5816 | D:7      | 5816 ||| Stepping ~*~*~tactically~*~*~ (stealth).
  5818 | D:7      | 5818 ||| Stepping ~*~*~tactically~*~*~ (hiding).
  6046 | D:7      | 6046 ||| UPGRADING to +0 kite shield of poison resistance.
  6056 | D:7      | 6056 ||| DROPPING +0 buckler.
  6057 | D:7      | 6057 ||| READING scroll labelled MAENA POILAPA.
  6168 | D:8      | Noticed Psyche
  6169 | D:8      | 6169 ||| INVOKING Heroism.
  6178 | D:8      | Killed Psyche
  6178 | D:8      | Reached *** piety under Okawaru
  6179 | D:8      | Reached skill level 6 in Shields
  6179 | D:8      | Reached XP level 10. HP: 60/63 MP: 11/13
  6345 | D:8      | 6345 ||| INVOKING Heroism.
  6565 | D:8      | 6565 ||| Stepping ~*~*~tactically~*~*~ (hiding).
  6566 | D:8      | 6566 ||| Stepping ~*~*~tactically~*~*~ (hiding).
  6570 | D:8      | 6570 ||| INVOKING Heroism.
  6820 | D:8      | 6820 ||| INVOKING Heroism.
  6825 | D:8      | Reached skill level 9 in Shields
  7043 | D:8      | 7043 ||| Stepping ~*~*~tactically~*~*~ (stealth).
  7048 | D:8      | Reached skill level 10 in Axes
  7089 | D:8      | 7089 ||| UPGRADING to scarf of resistance.
  7094 | D:8      | 7094 ||| READING scroll labelled YSONUU AQESETO.
  7095 | D:8      | 7095 ||| READING 5 scrolls of identify.
  7095 | D:8      | 7095 ||| IDENTIFYING fuming amethyst potion
  7132 | D:9      | Noticed Maggie
  7143 | D:9      | Killed Maggie
  7157 | D:9      | 7157 ||| Stepping ~*~*~tactically~*~*~ (hiding).
  7158 | D:9      | 7158 ||| Stepping ~*~*~tactically~*~*~ (hiding).
  7178 | D:9      | Reached **** piety under Okawaru
  7185 | D:9      | Found a staircase to the Lair.
  7193 | D:9      | 7193 ||| INVOKING Heroism.
  7202 | D:9      | Reached XP level 11. HP: 37/68 MP: 12/14
  7375 | D:9      | 7375 ||| INVOKING Heroism.
  7546 | D:9      | Reached skill level 6 in Invocations
  7630 | D:9      | Reached ***** piety under Okawaru
  7632 | D:9      | Received a gift from Okawaru
  7827 | D:9      | 7827 ||| PLANNING LAIR
  7870 | Lair:1   | Entered Level 1 of the Lair of Beasts
  7925 | Lair:1   | Identified the amulet "Qodol" {RegenMP +Blink rF++}
  7936 | Lair:1   | 7936 ||| READING scroll of enchant weapon.
  7936 | Lair:1   | 7936 ||| ENCHANTING +2 war axe of flaming.
  8028 | Lair:1   | 8028 ||| INVOKING Heroism.
  8034 | Lair:1   | Noticed a death yak
  8035 | Lair:1   | 8035 ||| INVOKING Finesse.
  8037 | Lair:1   | Noticed a lindwurm
  8041 | Lair:1   | Reached skill level 11 in Axes
  8045 | Lair:1   | 8045 ||| Stepping ~*~*~tactically~*~*~ (hiding).
  8055 | Lair:1   | Killed a death yak
  8062 | Lair:1   | Killed a lindwurm
  8092 | Lair:1   | 8092 ||| INVOKING Heroism.
  8351 | Lair:1   | 8351 ||| INVOKING Heroism.
  8392 | Lair:1   | 8392 ||| Stepping ~*~*~tactically~*~*~ (stealth).
  8412 | Lair:1   | 8412 ||| INVOKING Heroism.
  8428 | Lair:1   | 8428 ||| FLEEEEING.
  8429 | Lair:1   | 8429 ||| FLEEEEING.
  8430 | Lair:1   | 8430 ||| FLEEEEING.
  8431 | Lair:1   | 8431 ||| FLEEEEING.
  8432 | Lair:1   | 8432 ||| FLEEEEING.
  8433 | Lair:1   | 8433 ||| FLEEEEING.
  8439 | Lair:1   | 8439 ||| FLEEEEING.
  8440 | Lair:1   | 8440 ||| FLEEEEING.
  8441 | Lair:1   | 8441 ||| FLEEEEING.
  8442 | Lair:1   | 8442 ||| FLEEEEING.
  8443 | Lair:1   | 8443 ||| FLEEEEING.
  8448 | Lair:1   | 8448 ||| FLEEEEING.
  8449 | Lair:1   | 8449 ||| FLEEEEING.
  8450 | Lair:1   | 8450 ||| FLEEEEING.
  8454 | Lair:1   | 8454 ||| FLEEEEING.
  8455 | Lair:1   | 8455 ||| FLEEEEING.
  8456 | Lair:1   | 8456 ||| FLEEEEING.
  8457 | Lair:1   | 8457 ||| FLEEEEING.
  8458 | Lair:1   | 8458 ||| FLEEEEING.
  8459 | Lair:1   | 8459 ||| INVOKING Heroism.
  8470 | Lair:1   | Reached skill level 9 in Invocations
  8573 | Lair:1   | 8573 ||| INVOKING Heroism.
  8703 | Lair:1   | 8703 ||| INVOKING Heroism.
  8710 | Lair:1   | Reached XP level 12. HP: 75/75 MP: 16/18
  8762 | Lair:1   | Reached skill level 9 in Fighting
  8809 | Lair:1   | 8809 ||| Stepping ~*~*~tactically~*~*~ (stealth).
  9082 | Lair:1   | 9082 ||| READING 6 scrolls of identify.
  9082 | Lair:1   | 9082 ||| IDENTIFYING fizzy ruby potion
  9083 | Lair:1   | 9083 ||| DROPPING potion of berserk rage.
  9134 | Lair:2   | 9134 ||| INVOKING Heroism.
  9148 | Lair:2   | Reached skill level 6 in Armour
  9297 | Lair:2   | 9297 ||| INVOKING Heroism.
  9494 | Lair:2   | Noticed a five-headed hydra
  9495 | Lair:2   | 9495 ||| INVOKING Heroism.
  9502 | Lair:2   | Killed a two-headed hydra
  9502 | Lair:2   | Identified the +0 chain mail of the Old and Reckless {MP+9
                  | Stlth+} (Okawaru gifted it to you on level 2 of the Lair of
                  | Beasts)
  9502 | Lair:2   | Received a gift from Okawaru
  9553 | Lair:2   | 9553 ||| Stepping ~*~*~tactically~*~*~ (stealth).
  9556 | Lair:2   | 9556 ||| Stepping ~*~*~tactically~*~*~ (stealth).
  9619 | Lair:2   | 9619 ||| Stepping ~*~*~tactically~*~*~ (stealth).
  9620 | Lair:2   | 9620 ||| Stepping ~*~*~tactically~*~*~ (stealth).
  9631 | Lair:2   | 9631 ||| INVOKING Heroism.
  9635 | Lair:2   | Reached skill level 12 in Axes
  9729 | Lair:2   | 9729 ||| Stepping ~*~*~tactically~*~*~ (stealth).
  9731 | Lair:2   | 9731 ||| Stepping ~*~*~tactically~*~*~ (stealth).
  9754 | Lair:2   | 9754 ||| INVOKING Heroism.
  9780 | Lair:2   | 9780 ||| INVOKING Heroism.
  9894 | Lair:2   | Found a staircase to the Snake Pit.
  9935 | Lair:2   | 9935 ||| Stepping ~*~*~tactically~*~*~ (stealth).
  9939 | Lair:2   | 9939 ||| Stepping ~*~*~tactically~*~*~ (stealth).
  9951 | Lair:2   | 9951 ||| INVOKING Heroism.
  9989 | Lair:2   | 9989 ||| Stepping ~*~*~tactically~*~*~ (stealth).
 10068 | Lair:2   | 10068 ||| Stepping ~*~*~tactically~*~*~ (stealth).
 10069 | Lair:2   | 10069 ||| Stepping ~*~*~tactically~*~*~ (stealth).
 10085 | Lair:2   | 10085 ||| FLEEEEING.
 10267 | Lair:2   | Noticed a skyshark
 10278 | Lair:2   | 10278 ||| INVOKING Heroism.
 10279 | Lair:2   | Killed a skyshark
 10429 | Lair:2   | Found a staircase to the Swamp.
 10432 | Lair:2   | 10432 ||| Stepping ~*~*~tactically~*~*~ (stealth).
 10745 | Lair:2   | 10745 ||| DROPPING +0 chain mail of the Old and Reckless
                  | {MP+9 Stlth+}.
 10746 | Lair:2   | 10746 ||| UPGRADING to +0 pair of gloves.
 10751 | Lair:2   | 10751 ||| READING scroll labelled FAUTHR PIECA.
 10752 | Lair:2   | 10752 ||| READING 2 scrolls labelled KEEPSE ACLOM.
 10753 | Lair:2   | 10753 ||| READING 6 scrolls of identify.
 10753 | Lair:2   | 10753 ||| IDENTIFYING fuming grey potion
 10754 | Lair:2   | 10754 ||| DROPPING potion of invisibility.
 10755 | Lair:2   | 10755 ||| DROPPING scroll of immolation.
 10784 | Lair:3   | 10784 ||| Stepping ~*~*~tactically~*~*~ (stealth).
 10803 | Lair:3   | 10803 ||| Stepping ~*~*~tactically~*~*~ (stealth).
 10855 | Lair:3   | 10855 ||| INVOKING Heroism.
 10857 | Lair:3   | 10857 ||| Stepping ~*~*~tactically~*~*~ (stealth).
 10860 | Lair:3   | 10860 ||| Stepping ~*~*~tactically~*~*~ (stealth).
 10866 | Lair:3   | Reached XP level 13. HP: 82/82 MP: 18/20
 10892 | Lair:3   | 10892 ||| INVOKING Heroism.
 11017 | Lair:3   | 11017 ||| INVOKING Heroism.
 11038 | Lair:3   | 11038 ||| READING scroll of enchant armour.
 11038 | Lair:3   | 11038 ||| ENCHANTING +0 pair of gloves.
 11189 | Lair:3   | Reached skill level 13 in Axes
 11707 | Lair:3   | 11707 ||| Stepping ~*~*~tactically~*~*~ (stealth).
 11715 | Lair:3   | 11715 ||| INVOKING Heroism.
 11994 | Lair:4   | 11994 ||| INVOKING Heroism.
 12167 | Lair:4   | Received a gift from Okawaru
 12180 | Lair:4   | 12180 ||| Stepping ~*~*~tactically~*~*~ (stealth).
 12187 | Lair:4   | Found a staircase to the Slime Pits.
 12187 | Lair:4   | Found a viscous altar of Jiyva.
 12189 | Lair:4   | 12189 ||| INVOKING Heroism.
 12190 | Lair:4   | 12190 ||| INVOKING Finesse.
 12224 | Lair:4   | Reached skill level 14 in Axes
 12229 | Lair:4   | Received a gift from Okawaru
 12553 | Lair:4   | Noticed an ice dragon
 12554 | Lair:4   | 12554 ||| INVOKING Heroism.
 12555 | Lair:4   | 12555 ||| INVOKING Finesse.
 12569 | Lair:4   | Killed an ice dragon
 12570 | Lair:4   | Reached skill level 3 in Throwing
 12717 | Lair:5   | Entered Level 5 of the Lair of Beasts
 12754 | Lair:5   | 12754 ||| INVOKING Heroism.
 12759 | Lair:5   | 12759 ||| INVOKING Finesse.
 12790 | Lair:5   | 12790 ||| Stepping ~*~*~tactically~*~*~ (stealth).
 12803 | Lair:5   | 12803 ||| INVOKING Heroism.
 12805 | Lair:5   | 12805 ||| INVOKING Finesse.
 12893 | Lair:5   | Found the +11 Singing Sword {sonic wave}
 12902 | Lair:5   | 12902 ||| INVOKING Heroism.
 12916 | Lair:5   | Gained mutation: Your large and strong wings let you fly.
                  | [Gargoyle growth]
 12916 | Lair:5   | Reached XP level 14. HP: 73/88 MP: 19/21
 12977 | Lair:5   | Received a gift from Okawaru
 13040 | Lair:5   | 13040 ||| READING scroll of enchant armour.
 13040 | Lair:5   | 13040 ||| ENCHANTING +1 pair of gloves.
 13058 | Lair:5   | 13058 ||| Stepping ~*~*~tactically~*~*~ (stealth).
 13141 | Lair:5   | Received a gift from Okawaru
 13155 | Lair:5   | 13155 ||| INVOKING Heroism.
 13274 | Lair:5   | 13274 ||| Stepping ~*~*~tactically~*~*~ (stealth).
 13275 | Lair:5   | 13275 ||| Stepping ~*~*~tactically~*~*~ (stealth).
 13282 | Lair:5   | Reached skill level 12 in Shields
 13381 | Lair:5   | 13381 ||| FLEEEEING.
 13383 | Lair:5   | 13383 ||| FLEEEEING.
 13384 | Lair:5   | 13384 ||| FLEEEEING.
 13385 | Lair:5   | 13385 ||| FLEEEEING.
 13386 | Lair:5   | 13386 ||| FLEEEEING.
 13387 | Lair:5   | 13387 ||| FLEEEEING.
 13388 | Lair:5   | 13388 ||| FLEEEEING.
 13389 | Lair:5   | 13389 ||| FLEEEEING.
 13390 | Lair:5   | 13390 ||| FLEEEEING.
 13391 | Lair:5   | 13391 ||| FLEEEEING.
 13392 | Lair:5   | 13392 ||| FLEEEEING.
 13393 | Lair:5   | 13393 ||| FLEEEEING.
 13394 | Lair:5   | 13394 ||| FLEEEEING.
 13395 | Lair:5   | 13395 ||| FLEEEEING.
 13396 | Lair:5   | 13396 ||| FLEEEEING.
 13397 | Lair:5   | 13397 ||| FLEEEEING.
 13511 | Lair:5   | 13511 ||| Stepping ~*~*~tactically~*~*~ (hiding).
 13534 | Lair:5   | 13534 ||| FLEEEEING.
 13536 | Lair:5   | 13536 ||| INVOKING Heroism.
 13570 | Lair:5   | Received a gift from Okawaru
 13704 | Lair:5   | 13704 ||| INVOKING Heroism.
 13705 | Lair:5   | 13705 ||| INVOKING Finesse.
 13777 | Lair:5   | 13777 ||| INVOKING Heroism.
 13968 | Lair:5   | 13968 ||| INVOKING Heroism.
 13990 | Lair:5   | 13990 ||| Stepping ~*~*~tactically~*~*~ (stealth).
 13995 | Lair:5   | 13995 ||| FLEEEEING.
 13996 | Lair:5   | 13996 ||| INVOKING Heroism.
 14138 | Lair:5   | 14138 ||| INVOKING Heroism.
 14200 | Lair:5   | 14200 ||| READING scroll of enchant weapon.
 14200 | Lair:5   | 14200 ||| ENCHANTING +3 war axe of flaming.
 14216 | Lair:5   | 14216 ||| Stepping ~*~*~tactically~*~*~ (stealth).
 14218 | Lair:5   | 14218 ||| INVOKING Heroism.
 14234 | Lair:5   | Reached skill level 15 in Axes
 14472 | Lair:5   | 14472 ||| PLANNING D:1-11
 14472 | Lair:5   | 14472 ||| UPGRADING to ring of resist corrosion.
 14473 | Lair:5   | 14473 ||| READING scroll labelled ZAICKAUCKI.
 14570 | D:10     | Entered Level 10 of the Dungeon
 14597 | D:10     | 14597 ||| Stepping ~*~*~tactically~*~*~ (hiding).
 14601 | D:10     | 14601 ||| Stepping ~*~*~tactically~*~*~ (hiding).
 14714 | D:10     | 14714 ||| Stepping ~*~*~tactically~*~*~ (stealth).
 14717 | D:10     | 14717 ||| Stepping ~*~*~tactically~*~*~ (stealth).
 14719 | D:10     | 14719 ||| Stepping ~*~*~tactically~*~*~ (hiding).
 14720 | D:10     | 14720 ||| Stepping ~*~*~tactically~*~*~ (hiding).
 14721 | D:10     | 14721 ||| Stepping ~*~*~tactically~*~*~ (hiding).
 14722 | D:10     | 14722 ||| Stepping ~*~*~tactically~*~*~ (hiding).
 14732 | D:10     | 14732 ||| INVOKING Heroism.
 14736 | D:10     | 14736 ||| Stepping ~*~*~tactically~*~*~ (stealth).
 14782 | D:10     | 14782 ||| Stepping ~*~*~tactically~*~*~ (stealth).
 14839 | D:10     | 14839 ||| Stepping ~*~*~tactically~*~*~ (stealth).
 14860 | D:10     | 14860 ||| Stepping ~*~*~tactically~*~*~ (hiding).
 14898 | D:10     | 14898 ||| Stepping ~*~*~tactically~*~*~ (stealth).
 14900 | D:10     | 14900 ||| Stepping ~*~*~tactically~*~*~ (stealth).
 14901 | D:10     | 14901 ||| Stepping ~*~*~tactically~*~*~ (stealth).
 14982 | D:10     | 14982 ||| Stepping ~*~*~tactically~*~*~ (hiding).
 14985 | D:10     | 14985 ||| Stepping ~*~*~tactically~*~*~ (hiding).
 14986 | D:10     | 14986 ||| Stepping ~*~*~tactically~*~*~ (hiding).
 14988 | D:10     | 14988 ||| Stepping ~*~*~tactically~*~*~ (hiding).
 15194 | D:10     | 15194 ||| Stepping ~*~*~tactically~*~*~ (hiding).
 15196 | D:10     | 15196 ||| Stepping ~*~*~tactically~*~*~ (hiding).
 15197 | D:10     | 15197 ||| Stepping ~*~*~tactically~*~*~ (hiding).
 15198 | D:10     | 15198 ||| Stepping ~*~*~tactically~*~*~ (hiding).
 15538 | D:10     | Found a bloodstained altar of Trog.
 15544 | D:10     | Found an ancient bone altar of Kikubaaqudgha.
 15545 | D:10     | Found an ornate altar of the Wu Jian Council.
 15546 | D:10     | Found a hazy altar of Hepliaklqana.
 15549 | D:10     | Found an opulent altar of Gozag.
 15812 | D:10     | 15812 ||| Stepping ~*~*~tactically~*~*~ (hiding).
 15813 | D:10     | 15813 ||| Stepping ~*~*~tactically~*~*~ (hiding).
 15814 | D:10     | 15814 ||| Stepping ~*~*~tactically~*~*~ (hiding).
 15841 | D:10     | 15841 ||| Stepping ~*~*~tactically~*~*~ (stealth).
 15871 | D:10     | 15871 ||| DRINKING 2 potions of curing.
 15871 | D:10     | 15871 ||| (to cure confusion)
 15950 | D:10     | Found a staircase to the Orcish Mines.
 15957 | D:10     | 15957 ||| Stepping ~*~*~tactically~*~*~ (stealth).
 15958 | D:10     | 15958 ||| Stepping ~*~*~tactically~*~*~ (stealth).
 16095 | D:10     | 16095 ||| UPGRADING to +0 plate armour.
 16105 | D:10     | 16105 ||| UPGRADING to ring of positive energy.
 16250 | D:11     | 16250 ||| Stepping ~*~*~tactically~*~*~ (hiding).
 16710 | D:11     | Reached skill level 9 in Armour
 16878 | D:11     | 16878 ||| PLANNING D
 16878 | D:11     | 16878 ||| UPGRADING to +0 pair of boots.
 16916 | D:12     | 16916 ||| INVOKING Heroism.
 17125 | D:12     | 17125 ||| Stepping ~*~*~tactically~*~*~ (hiding).
 17126 | D:12     | 17126 ||| Stepping ~*~*~tactically~*~*~ (hiding).
 17239 | D:12     | 17239 ||| Stepping ~*~*~tactically~*~*~ (hiding).
 17244 | D:12     | 17244 ||| INVOKING Heroism.
 17304 | D:12     | 17304 ||| Stepping ~*~*~tactically~*~*~ (hiding).
 17308 | D:12     | 17308 ||| INVOKING Heroism.
 17326 | D:12     | Reached skill level 6 in Throwing
 17399 | D:12     | 17399 ||| FLEEEEING.
 17822 | D:12     | Found an ancient bone altar of Kikubaaqudgha.
 17903 | D:12     | 17903 ||| Stepping ~*~*~tactically~*~*~ (hiding).
 17905 | D:12     | 17905 ||| Stepping ~*~*~tactically~*~*~ (hiding).
 17920 | D:12     | Reached XP level 15. HP: 67/94 MP: 22/22
 18159 | D:12     | 18159 ||| READING 10 scrolls of identify.
 18159 | D:12     | 18159 ||| IDENTIFYING brown potion
 18200 | D:13     | 18200 ||| STAIRDANCE
 18203 | D:12     | 18203 ||| INVOKING Heroism.
 18482 | D:13     | Received a gift from Okawaru
 18541 | D:13     | 18541 ||| READING scroll of enchant armour.
 18541 | D:13     | 18541 ||| ENCHANTING +0 pair of boots.
 18588 | D:13     | Noticed Jorgrun
 18589 | D:13     | 18589 ||| INVOKING Heroism.
 18590 | D:13     | 18590 ||| INVOKING Finesse.
 18607 | D:13     | Killed Jorgrun
 18614 | D:13     | Reached skill level 12 in Fighting
 18939 | D:13     | 18939 ||| INVOKING Heroism.
 19249 | D:14     | 19249 ||| Stepping ~*~*~tactically~*~*~ (hiding).
 19297 | D:14     | 19297 ||| Stepping ~*~*~tactically~*~*~ (stealth).
 19350 | D:14     | Found a frozen archway.
 19351 | D:14     | 19351 ||| INVOKING Heroism.
 19352 | D:14     | 19352 ||| INVOKING Finesse.
 19596 | D:14     | 19596 ||| Stepping ~*~*~tactically~*~*~ (hiding).
 19611 | D:14     | 19611 ||| FLEEEEING.
 19621 | D:14     | 19621 ||| FLEEEEING.
 19704 | D:14     | 19704 ||| Invisibility monster not found???
 19736 | D:14     | 19736 ||| INVOKING Heroism.
 19750 | D:14     | Found a gate to the Vaults.
 19921 | D:14     | Reached skill level 16 in Axes
 19932 | D:14     | 19932 ||| INVOKING Heroism.
 20078 | D:14     | 20078 ||| Stepping ~*~*~tactically~*~*~ (hiding).
 20079 | D:14     | 20079 ||| Stepping ~*~*~tactically~*~*~ (hiding).
 20272 | D:14     | 20272 ||| Stepping ~*~*~tactically~*~*~ (hiding).
 20582 | D:14     | Found a portal to a secret trove of treasure.
 20615 | D:15     | Entered Level 15 of the Dungeon
 20655 | D:15     | Received a gift from Okawaru
 20688 | D:15     | Found Kufain's Weapon Shop.
 20693 | D:15     | 20693 ||| FLEEEEING.
 20694 | D:15     | 20694 ||| FLEEEEING.
 20695 | D:15     | 20695 ||| FLEEEEING.
 20696 | D:15     | 20696 ||| FLEEEEING.
 20697 | D:15     | 20697 ||| FLEEEEING.
 20712 | D:15     | 20712 ||| FLEEEEING.
 20713 | D:15     | 20713 ||| FLEEEEING.
 20714 | D:15     | 20714 ||| FLEEEEING.
 20729 | D:15     | 20729 ||| FLEEEEING.
 20730 | D:15     | 20730 ||| STAIRDANCE
 20820 | D:15     | 20820 ||| Stepping ~*~*~tactically~*~*~ (hiding).
 21105 | D:15     | 21105 ||| BUYING +5 broad axe "Jeawug" {drain, Fragile rF+
                  | Str+4 Dex+4} (861 gold).
 21105 | D:15     | Bought the +5 broad axe "Jeawug" {drain, Fragile rF+ Str+4
                  | Dex+4} for 861 gold pieces
 21184 | D:15     | 21184 ||| Stepping ~*~*~tactically~*~*~ (hiding).
 21201 | D:15     | Reached skill level 3 in Dodging
 21216 | D:15     | 21216 ||| Stepping ~*~*~tactically~*~*~ (stealth).
 21223 | D:15     | Received a gift from Okawaru
 21348 | D:15     | 21348 ||| INVOKING Heroism.
 21364 | D:15     | 21364 ||| INVOKING Heroism.
 21551 | D:15     | Found a staircase to the Depths.
 21641 | D:15     | 21641 ||| PLANNING ORC
 21784 | Orc:1    | Entered Level 1 of the Orcish Mines
 21878 | Orc:1    | Found a burning altar of Makhleb.
 21891 | Orc:1    | 21891 ||| Stepping ~*~*~tactically~*~*~ (hiding).
 21892 | Orc:1    | 21892 ||| Stepping ~*~*~tactically~*~*~ (hiding).
 21893 | Orc:1    | 21893 ||| Stepping ~*~*~tactically~*~*~ (hiding).
 21922 | Orc:1    | 21922 ||| Stepping ~*~*~tactically~*~*~ (stealth).
 21924 | Orc:1    | 21924 ||| Stepping ~*~*~tactically~*~*~ (hiding).
 21932 | Orc:1    | 21932 ||| INVOKING Heroism.
 21945 | Orc:1    | 21945 ||| Stepping ~*~*~tactically~*~*~ (hiding).
 21946 | Orc:1    | 21946 ||| Stepping ~*~*~tactically~*~*~ (hiding).
 21947 | Orc:1    | 21947 ||| Stepping ~*~*~tactically~*~*~ (hiding).
 21949 | Orc:1    | 21949 ||| Stepping ~*~*~tactically~*~*~ (hiding).
 21950 | Orc:1    | 21950 ||| Stepping ~*~*~tactically~*~*~ (hiding).
 21963 | Orc:1    | Reached skill level 12 in Armour
 22127 | Orc:2    | Entered Level 2 of the Orcish Mines
 22128 | Orc:2    | 22128 ||| INVOKING Heroism.
 22342 | Orc:1    | 22342 ||| INVOKING Heroism.
 22628 | Orc:2    | Reached XP level 16. HP: 101/101 MP: 23/23
 22710 | Orc:2    | 22710 ||| INVOKING Heroism.
 22762 | Orc:2    | 22762 ||| FLEEEEING.
 22763 | Orc:2    | 22763 ||| FLEEEEING.
 22764 | Orc:2    | 22764 ||| FLEEEEING.
 22765 | Orc:2    | 22765 ||| FLEEEEING.
 22766 | Orc:2    | 22766 ||| FLEEEEING.
 22767 | Orc:2    | 22767 ||| FLEEEEING.
 22768 | Orc:2    | 22768 ||| FLEEEEING.
 22769 | Orc:2    | 22769 ||| FLEEEEING.
 22770 | Orc:2    | 22770 ||| FLEEEEING.
 22771 | Orc:2    | 22771 ||| FLEEEEING.
 22772 | Orc:2    | 22772 ||| FLEEEEING.
 22773 | Orc:2    | 22773 ||| FLEEEEING.
 22774 | Orc:2    | 22774 ||| FLEEEEING.
 22775 | Orc:2    | 22775 ||| FLEEEEING.
 22776 | Orc:2    | 22776 ||| FLEEEEING.
 22864 | Orc:2    | Found a staircase to the Elven Halls.
 22888 | Orc:2    | 22888 ||| Stepping ~*~*~tactically~*~*~ (stealth).
 22950 | Orc:2    | 22950 ||| INVOKING Heroism.
 22966 | Orc:2    | 22966 ||| Stepping ~*~*~tactically~*~*~ (stealth).
 22967 | Orc:2    | 22967 ||| Stepping ~*~*~tactically~*~*~ (stealth).
 23008 | Orc:2    | 23008 ||| INVOKING Heroism.
 23180 | Orc:2    | Found Sankikas's Antique Weapon Boutique.
 23181 | Orc:2    | 23181 ||| INVOKING Heroism.
 23184 | Orc:2    | Found Nogheuf's Jewellery Shoppe.
 23190 | Orc:2    | HP: 24/103 [orc priest/divine providence (11)]
 23191 | Orc:2    | 23191 ||| READING 3 scrolls of teleportation.
 23192 | Orc:2    | 23192 ||| DRINKING 5 potions of heal wounds.
 23194 | Orc:2    | 23194 ||| DRINKING 4 potions of heal wounds.
 23385 | Orc:2    | 23385 ||| STAIRDANCE
 23429 | Orc:2    | 23429 ||| FLEEEEING.
 23430 | Orc:2    | 23430 ||| FLEEEEING.
 23431 | Orc:2    | 23431 ||| STAIRDANCE
 23552 | Orc:2    | 23552 ||| BUYING amulet of faith (560 gold).
 23552 | Orc:2    | Bought an amulet of faith for 560 gold pieces
 23552 | Orc:2    | 23552 ||| SHOPLISTING ring of Mihoot {rN+ Str+3 Dex+6} (749
                  | gold, have 560).
 23552 | Orc:2    | 23552 ||| BUYING ring of fire (350 gold).
 23552 | Orc:2    | Bought a ring of fire for 350 gold pieces
 23552 | Orc:2    | 23552 ||| SHOPLISTING ring of ice (350 gold, have 210).
 23552 | Orc:2    | 23552 ||| SHOPLISTING ring of willpower (350 gold, have
                  | 210).
 23575 | Orc:2    | 23575 ||| Stepping ~*~*~tactically~*~*~ (stealth).
 23661 | Orc:2    | 23661 ||| INVOKING Heroism.
 23699 | Orc:2    | HP: 19/104 [orc high priest/divine providence (14)]
 23700 | Orc:2    | 23700 ||| READING 2 scrolls of teleportation.
 23701 | Orc:2    | 23701 ||| DRINKING 3 potions of heal wounds.
 23961 | Orc:2    | Found Hiaptov's Assorted Antiques.
 23961 | Orc:2    | Found Jupiw's Weapon Shoppe.
 23966 | Orc:2    | 23966 ||| BUYING cloak (108 gold).
 23966 | Orc:2    | Bought a cloak for 108 gold pieces
 23966 | Orc:2    | 23966 ||| SHOPLISTING scroll of enchant armour (180 gold,
                  | have 102).
 23975 | Orc:2    | 23975 ||| PLANNING SWAMP:1-3
 23975 | Orc:2    | 23975 ||| UPGRADING to amulet of faith.
 24162 | Swamp:1  | Entered Level 1 of the Swamp
 24173 | Swamp:1  | 24173 ||| STAIRDANCE
 24249 | Swamp:1  | 24249 ||| STAIRDANCE
 24256 | Lair:2   | 24256 ||| INVOKING Heroism.
 24451 | Swamp:1  | Received a gift from Okawaru
 24457 | Swamp:1  | 24457 ||| INVOKING Heroism.
 24496 | Swamp:1  | 24496 ||| INVOKING Heroism.
 24522 | Swamp:1  | 24522 ||| INVOKING Heroism.
 24534 | Swamp:1  | HP: 25/104 [spriggan rider/+0 spear (6)]
 24535 | Swamp:1  | 24535 ||| READING scroll of teleportation.
 24536 | Swamp:1  | 24536 ||| DRINKING 2 potions of heal wounds.
 24584 | Swamp:1  | 24584 ||| INVOKING Heroism.
 24644 | Swamp:1  | 24644 ||| INVOKING Heroism.
 24800 | Swamp:1  | 24800 ||| READING scroll of enchant armour.
 24800 | Swamp:1  | 24800 ||| ENCHANTING +1 pair of boots.
 24847 | Swamp:1  | 24847 ||| INVOKING Heroism.
 24942 | Swamp:1  | 24942 ||| INVOKING Heroism.
 25073 | Swamp:1  | 25073 ||| Stepping ~*~*~tactically~*~*~ (hiding).
 25130 | Swamp:1  | 25130 ||| Stepping ~*~*~tactically~*~*~ (hiding).
 25415 | Swamp:2  | 25415 ||| Stepping ~*~*~tactically~*~*~ (stealth).
 25416 | Swamp:2  | 25416 ||| Stepping ~*~*~tactically~*~*~ (stealth).
 25511 | Swamp:2  | 25511 ||| Stepping ~*~*~tactically~*~*~ (stealth).
 25537 | Swamp:2  | Noticed Kirke
 25540 | Swamp:2  | 25540 ||| INVOKING Heroism.
 25541 | Swamp:2  | 25541 ||| INVOKING Finesse.
 25549 | Swamp:2  | Killed Kirke
 25562 | Swamp:2  | You are sucked into a shaft and drop 1 floor!
 25702 | Swamp:3  | 25702 ||| INVOKING Heroism.
 25717 | Swamp:3  | HP: 20/105 [tyrant leech (10)]
 25718 | Swamp:3  | 25718 ||| DRINKING potion of heal wounds.
 25725 | Swamp:3  | HP: 26/106 [four-headed hydra (2)]
 25730 | Swamp:3  | Slain by an eleionoma

Levels and vault maps discovered:
D:1:      dpeg_arrival_simpleton_b, layout_loops_ring,
          dreamdust_ecumenical_altar_drowned_temple, serial_shops, shop,
          chequers_serial_rivers_micro_c, minivault_5, roderic_lattice_a,
          minmay_misc_feat_pillars, minmay_misc_feat_x
D:2:      layout_basic, grunt_ministairs_14
D:3:      layout_basic, serial_shops, nicolae_shop_stone
D:4:      layout_loops_cross, lemuel_coloured_pillars_altar,
          mainiacjoe_overflow_surrounded_room, minmay_temple_entry_trees,
          serial_shops, shop, kennysheep_orc_chapel
D:5:      layout_loops_cross, serial_glass, glass_columns_c, glass_columns_a
D:6:      layout_loops_ring, serial_shops, shop, grunt_decor_resistance,
          uniq_pikel, uniq_grinder, uniq_blork_the_orc, uniq_duvessa,
          uniq_eustachio
D:7:      layout_cave_pools
D:8:      layout_basic, minmay_misc_feat_encased, uniq_psyche
D:9:      layout_roguey, minmay_lair_entry_grove, uniq_maggie
D:10:     layout_stronghold, minitemple, hiddenorc2_lemuel, chequers_jeans,
          nicolae_two_hexagons
D:11:     layout_irregular_city
D:12:     layout_irregular_city, kennysheep_vampire_church
D:13:     layout_roguey, uniq_jorgrun
D:14:     layout_long_grid, grunt_vaults_entry_fortified, enter_trove_5,
          portal_ice_cave_entry_ice_statue_two, dk_noncrumbling_4
D:15:     hangedman_depths_entry_try_elsewhere_first, layout_cave_pools,
          serial_shops, shop, minmay_misc_feat_rugged, minivault_11,
          minmay_misc_feat_iff
Temple:   hellmonk_temple_two_chambers
Lair:1:   layout_chaotic_city, lightli_volcano_entry_magma_tube,
          serial_bayou_pond_e, nzn_random_ring
Lair:2:   layout_regular_city, swamp_mist_pool, guppyfry_snake_entry_island,
          serial_bayou_shore_a
Lair:3:   layout_cave_pods
Lair:4:   dragon1_lemuel, layout_hall_layers, minmay_slime_entry_eyes,
          dreamdust_mushroom_princess, grunt_forest_small_clearing_treed
Lair:5:   evilmike_catoblepas_cave, layout_loops_ring,
          grunt_forest_small_clearings, serial_bayou_crossing
Swamp:1:  layout_falls_marsh, hangedman_swamp_ruin_wall,
          infiniplex_staircase_pool_2
Swamp:2:  nicolae_swamp_tree_isthmus, layout_basic_swamp,
          evilmike_swamp_ruin_house_2, uniq_kirke
Swamp:3:  layout_basic_swamp, nicolae_swamp_trees_clearing,
          infiniplex_staircase_pool
Orc:1:    layout_caves, basic_altar
Orc:2:    st_orc_town, layout_caves

Skill      XL: |  1  2  3  4  5  6  7  8  9 10 11 12 13 14 15 16 |
---------------+-------------------------------------------------+-----
Axes           | 2 3 4 5 6 7 8 9 10 11 12 14 15 16 | 16.0
Fighting       | 4 7 8 10 11 12 14 | 14.0
Invocations    | 1 4 5 9 10 | 10.0
Dodging        | 1 2 3 |  3.1
Armour         | 4 5 7 8 10 12 13 | 13.0
Shields        | 6 9 10 11 12 13 | 13.7
Throwing       | 1 4 6 7 |  7.0

Action                     |  1- 3 |  4- 6 |  7- 9 | 10-12 | 13-15 | 16-18 || total
---------------------------+-------+-------+-------+-------+-------+-------++-------
  Melee: War axe           |    81 |   153 |   279 |   494 |  1158 |   385 ||  2550
  Throw: Boomerang         |       |    24 |    10 |    70 |    41 |    37 ||   182
         Javelin           |       |       |       |     2 |    56 |     8 ||    66
 Invoke: Heroism           |       |       |    11 |    21 |    32 |    15 ||    79
         Finesse           |       |       |       |     1 |     7 |     1 ||     9
    Use: Scroll            |     6 |     6 |     6 |     7 |     6 |     4 ||    35
         Potion            |     2 |     6 |     1 |       |     1 |     5 ||    15
 Armour: Scale mail        |    24 |    18 |       |       |       |       ||    42
         Chain mail        |       |    36 |   130 |   178 |   200 |       ||   544
         Plate armour      |       |       |       |       |   266 |   204 ||   470
  Dodge: Dodged            |    24 |    38 |    56 |   121 |   204 |    73 ||   516
  Block: Buckler           |    18 |    61 |   119 |       |       |       ||   198
         Reflection        |     3 |     1 |     6 |     3 |    44 |     2 ||    59
         Kite shield       |       |       |    16 |   394 |   764 |   245 ||  1419

Table legend:
 A = Non-vault XP
 B = Vault XP
 C = Vault XP percentage of total XP
 D = Non-vault monster count
 E = Vault monster count
 F = Vault count percentage of total count
                 A         B        C        D         E       F
            +---------+---------+-------+---------+---------+-------
      Total |  120880 |   41968 |  25.8 |     559 |     191 |  25.5
            +---------+---------+-------+---------+---------+-------
        D:1 |      26 |       1 |   3.7 |      15 |       1 |   6.2
        D:2 |      48 |       3 |   5.9 |      19 |       2 |   9.5
        D:3 |      97 |       0 |   0.0 |      23 |       0 |   0.0
        D:4 |     145 |      55 |  27.5 |      24 |       5 |  17.2
        D:5 |     817 |       0 |   0.0 |      18 |       0 |   0.0
        D:6 |     652 |    1446 |  68.9 |       9 |       6 |  40.0
        D:7 |     768 |       0 |   0.0 |      25 |       0 |   0.0
        D:8 |    2536 |     371 |  12.8 |      23 |       1 |   4.2
        D:9 |    1515 |    2543 |  62.7 |       8 |      13 |  61.9
       D:10 |    2121 |     483 |  18.5 |      19 |      31 |  62.0
       D:11 |    2092 |       0 |   0.0 |       8 |       0 |   0.0
       D:12 |   10920 |     175 |   1.6 |      31 |       8 |  20.5
       D:13 |    6971 |    1804 |  20.6 |      17 |       1 |   5.6
       D:14 |    6575 |    8579 |  56.6 |      16 |      13 |  44.8
       D:15 |    6713 |    2706 |  28.7 |      14 |       4 |  22.2
     Lair:1 |    5693 |    3475 |  37.9 |      26 |      12 |  31.6
     Lair:2 |   11442 |     320 |   2.7 |      45 |       2 |   4.3
     Lair:3 |    8608 |       0 |   0.0 |      40 |       0 |   0.0
     Lair:4 |   11351 |    1452 |  11.3 |      32 |       3 |   8.6
     Lair:5 |    9949 |   10877 |  52.2 |      37 |      23 |  38.3
    Swamp:1 |   12123 |       0 |   0.0 |      25 |       0 |   0.0
    Swamp:2 |    3047 |    1879 |  38.1 |       6 |       3 |  33.3
    Swamp:3 |    7042 |       0 |   0.0 |      11 |       0 |   0.0
      Orc:1 |    4231 |       0 |   0.0 |      31 |       0 |   0.0
      Orc:2 |    5398 |    5799 |  51.8 |      37 |      63 |  63.0
            +---------+---------+-------+---------+---------+-------
